 Dungeon Crawl Stone Soup version 0.16-a0-1132-gad589c6 (webtiles) character file.

816 MackTheKnife the Magician (level 7, -7/46 HPs)
             Began as a Mummy Wizard on Oct 7, 2014.
             Killed from afar by an orc wizard (15 damage)
             ... with a puff of flame
             ... on level 4 of the Dungeon.
             The game lasted 00:17:06 (6882 turns).

MackTheKnife the Magician (Mummy Wizard)            Turns: 6882, Time: 00:17:06

Health: -7/46      AC:  2    Str: 10    XL:     7   Next: 62%
Magic:  20/27      EV: 12    Int: 19    God:
Gold:   254        SH:  0    Dex: 10    Spells: 4 memorised, 6 levels left

rFire  x . .     SeeInvis .     a - +0 whip
rCold  + . .     Clarity  .     f - +0 robe
rNeg   + + +     SustAb   .     (no shield)
rPois  +         Gourm    .     l - +0 hat
rElec  .         Spirit   .     (no cloak)
rCorr  .         Warding  .     (no gloves)
rMut   .         Stasis   .     (no boots)
MR     .....                    (no amulet)
Stlth  ++........               (no ring)
                                h - ring of magical power

@: not resistant to hostile enchantments, unstealthy
A: no food or potions, fire vulnerability, restore body, cold resistance 1,
negative energy resistance 3, poison resistance, torment resistance, unbreathing
a: no special abilities


You were on level 4 of the Dungeon.
You were not hungry.

You visited 1 branch of the dungeon, and saw 4 of its levels.
You also visited: Ossuary.

You collected 254 gold pieces.


Innate Abilities, Weirdness & Mutations

You do not eat or drink.
Your flesh is vulnerable to fire.
Your flesh is cold resistant.
You are immune to negative energy.
Your system is resistant to poisons.
You are immune to unholy pain and torment.
You can survive without breathing.


   Skills:
 - Level 1.5 Dodging
 - Level 1.5 Stealth
 - Level 4.7 Spellcasting
 + Level 4.6 Conjurations
 - Level 1.5 Summonings
   Level 0.7 Translocations
 + Level 3.6 Fire Magic


You had 6 spell levels left.
You knew the following spells:

 Your Spells              Type           Power        Failure   Level  Hunger
c - Conjure Flame         Conj/Fire      ###.....     10%         3    N/A
v - Mephitic Cloud        Conj/Pois/Air  ##......     21%         3    N/A
x - Call Imp              Summ           ##......     12%         2    N/A
z - Magic Dart            Conj           ###.         1%          1    N/A

Inventory:

Hand weapons
 a - a +0 whip (weapon)
 b - a +0 blowgun
Missiles
 k - 10 poisoned needles
Armour
 f - a +0 robe (worn)
 l - a +0 hat (worn)
 m - a +1 buckler of protection
Scrolls
 d - 2 scrolls of amnesia
 e - a scroll of teleportation
 g - 4 scrolls of identify
 i - 2 scrolls of enchant weapon
 j - 2 scrolls of fear
 n - 2 scrolls of remove curse
Jewellery
 h - a ring of magical power (left hand)
Books
 c - a book of Minor Magic

   Spells                             Type                      Level
   *Magic Dart                        Conjuration                  1
   Blink                              Translocation                2
   *Call Imp                          Summoning                    2
   Repel Missiles                     Charms/Air                   2
   Slow                               Hexes                        2
   *Conjure Flame                     Conjuration/Fire             3
   *Mephitic Cloud                    Conjuration/Poison/Air       3

▒▒▒▒▒▒ ▒▒▒▒▒▒▒▒▒▒▒▒▒▒▒
▒▒▒▒····▒▒▒ ▒>oo·[o·········
····'····'·· ▒▒▒▒▒▒'▒▒▒▒▒▒
▒▒▒▒▒····▒▒▒ ▒······#····▒
▒········▒ ▒
▒······#o···▒▒▒▒▒▒·▒▒▒····▒▒▒
▒···········M··%···▒%▒······▒
▒▒······o····▒······▒▒·▒▒··▒·▒
▒·······▒▒'▒▒▒·······%▒·▒····▒
▒·▒▒·▒▒▒▒▒·▒▒▒········▒▒·▒▒··▒
▒·▒··········▒··········▒·▒···
▒·▒········▒·▒·······▒··▒▒·▒▒▒
▒···▒▒·▒▒▒·▒·▒············▒···
▒·▒·▒▒·▒ ▒···▒·······▒····▒···
▒
▒····▒·▒▒▒▒▒▒▒·······▒▒···▒···


You could see an orc priest, an orc wizard and an orc (confused).


Message History

The orc wizard seems to speed up.
Unknown command.
Aiming: Conjure Flame The fire roars!
The orc wizard's eyes start to glow.
You barely miss the orc.
The orc is heavily wounded.
The orc wizard gestures at you while chanting.
The puff of flame hits you! The fire burns you terribly!
* * * LOW HITPOINT WARNING * * *
The orc barely misses you.
The orc wizard becomes somewhat translucent.
Aiming: Mephitic Cloud The beam explodes into a vile cloud!
The stinking cloud engulfs the orc.
The orc is heavily wounded.
The orc wizard becomes somewhat translucent.
The orc is engulfed in noxious fumes.
The orc appears confused.
Unknown command.
The orc wizard casts a spell at you.
You hear a sizzling sound!
The orc is engulfed in noxious fumes.
The orc wizard points at you and mumbles some strange words.
The puff of flame hits you! The fire burns you terribly!
* * * LOW HITPOINT WARNING * * *
The orc is engulfed in noxious fumes.
The orc appears confused.
The orc wizard is engulfed in noxious fumes.
Unknown command.
The orc wizard points at you and mumbles some strange words.
The puff of flame hits you! The fire burns you terribly!
You die...

Action                   |  1- 3 |  4- 6 |  7- 9 || total
-------------------------+-------+-------+-------++-------
Melee: Unarmed           |     1 |       |       ||     1
       Whip              |    34 |   151 |    31 ||   216
 Fire: Blowgun           |       |     4 |    13 ||    17
 Cast: Magic Dart        |    73 |   149 |    36 ||   258
       Call Imp          |     3 |     9 |       ||    12
       Mephitic Cloud    |       |     5 |     2 ||     7
       Conjure Flame     |       |    10 |     4 ||    14
  Use: Scroll            |       |     9 |       ||     9
 Stab: Sleeping          |       |       |     1 ||     1

Vault maps used:
D:1:      roderic_octagonal_star, minmay_misc_feat_doors, serial_bayou_pond_a,
          minivault_5, evilmike_ruin_ashenzari
D:2:      nicolae_qazlal_general_emergency, amethyst_overflow_temple_binary
D:3:      first_bread
D:4:      enter_ossuary_2, serial_shops, shop_fountains, minmay_vboxes
Ossuary:  ossuary_crypta

Notes
Turn   | Place    | Note
--------------------------------------------------------------
     0 | D:1      | MackTheKnife, the Mummy Wizard, began the quest for the Orb.
     0 | D:1      | Reached XP level 1. HP: 13/13 MP: 4/4
   265 | D:1      | Reached skill level 1 in Conjurations
   388 | D:1      | Reached XP level 2. HP: 19/19 MP: 0/6
   868 | D:1      | Learned a level 2 spell: Call Imp
   901 | D:1      | Found a shattered altar of Ashenzari.
  1224 | D:1      | Reached XP level 3. HP: 24/24 MP: 0/8
  1751 | D:2      | Reached skill level 1 in Summonings
  1845 | D:2      | Learned a level 3 spell: Conjure Flame
  2215 | D:2      | Reached skill level 2 in Conjurations
  2227 | D:2      | Found a stormy altar of Qazlal.
  2320 | D:2      | Reached XP level 4. HP: 30/30 MP: 10/10
  2603 | D:2      | Found a basalt altar of Yredelemnul.
  2610 | D:2      | Found a sacrificial altar of Ru.
  3083 | D:3      | Learned a level 3 spell: Mephitic Cloud
  3856 | D:3      | Reached XP level 5. HP: 32/35 MP: 12/12
  4384 | D:3      | Reached skill level 4 in Spellcasting
  4384 | D:3      | Reached skill level 1 in Fire Magic
  4564 | D:4      | Found Fiotsumn's Distillery.
  4641 | D:4      | HP: 3/35 [iguana (14)]
  4642 | D:4      | HP: 1/35 [iguana (2)]
  4648 | D:4      | Reached skill level 3 in Conjurations
  4987 | D:4      | Reached XP level 6. HP: 41/41 MP: 6/15
  5063 | D:4      | Found a sand-covered staircase.
  5068 | Ossuary  | Entered an ossuary
  5423 | Ossuary  | Reached skill level 2 in Fire Magic
  6262 | D:4      | Noticed a centaur
  6276 | D:4      | Killed a centaur
  6276 | D:4      | Reached XP level 7. HP: 46/46 MP: 18/18
  6294 | D:4      | Reached skill level 4 in Conjurations
  6392 | D:4      | Noticed an ogre
  6404 | D:4      | Killed an ogre
  6404 | D:4      | Reached skill level 3 in Fire Magic
  6882 | D:4      | Killed from afar by an orc wizard

Vanquished Creatures
  2 ogres (D:4)
  A centaur (D:4)
  A scorpion (D:4)
  A centaur zombie (Ossuary)
  2 hounds
  A human zombie (Ossuary)
  An iguana (D:4)
  An orc wizard (D:4)
  4 worker ants (D:4)
  A big kobold zombie (Ossuary)
  3 mummies (Ossuary)
  8 adders
  A gnoll (D:1)
  A giant mite (D:2)
  A giant gecko (D:4)
  5 orcs
  2 ball pythons
  11 bats
  6 giant cockroaches
  11 goblins
  12 hobgoblins
  A quokka (D:3)
  A giant gecko zombie (D:4)
  4 giant newts
  2 gnoll zombies (Ossuary)
  A hobgoblin skeleton (D:4)
  3 hobgoblin zombies (Ossuary)
  12 kobolds
  7 rats
107 creatures vanquished.

Vanquished Creatures (collateral kills)
  A mummy (Ossuary)
  2 adders (D:2)
  A worm (D:3)
  A kobold (D:3)
5 creatures vanquished.

Grand Total: 112 creatures vanquished
